 Dungeon Crawl Stone Soup version 0.29.1-2-gbd0b4ee654 (webtiles) character file.

Game seed: 13711165771659615262

1848 zeram the Covert (level 8, -1/30 (37) HPs)
             Began as a Spriggan Brigand on Nov 6, 2022.
             Was an Initiate of Gozag.
             Slain by a wight
             ... wielding a +2 hand axe of freezing
              (7 damage)
             ... on level 7 of the Dungeon.
             The game lasted 00:22:08 (10520 turns).

zeram the Covert (Spriggan Brigand)                Turns: 10520, Time: 00:22:09

HP:   -1/30 (37)    AC:  5    Str:  7    XL:     8   Next: 88%
MP:   18/18         EV: 21    Int: 23    God:    Gozag
Gold: 244           SH:  5    Dex: 16    Spells: 14/19 levels left

rFire   . . .      SeeInvis +   a - +4 dagger
rCold   + . .      Faith    .   (no shield)
rNeg    . . .      Spirit   .   r - +2 robe {rC+}
rPois   .          Reflect  +   (helmet restricted)
rElec   .          Harm     .   c - +0 cloak
rCorr   .          Rampage  .   (gloves unavailable)
Will    +....                   (boots unavailable)
Stlth   ++++......              h - amulet "Ykluim" {Reflect Int+2 SH+5}
HPRegen 0.10/turn               l - +6 ring of intelligence
MPRegen 0.16/turn               n - ring of flight

@: flying, heavily drained, very quick
A: very small, no large weapons, unfitting armour, see invisible, speed 3
a: Renounce Religion, Potion Petition, Call Merchant, Bribe Branch


You were on level 7 of the Dungeon.
You worshipped Gozag.
Gozag was aware of your devotion.
You visited 2 branches of the dungeon, and saw 8 of its levels.

You collected 420 gold pieces.
You spent 66 gold pieces at shops.
You paid 110 gold pieces to Gozag.

Inventory:

Hand Weapons
 a - a +4 dagger (weapon)
 q - a +4 whip
Missiles
 d - 14 poisoned darts (quivered)
 e - 7 curare-tipped darts
Armour
 b - a +0 robe
 c - a +0 cloak (worn)
 r - a +2 robe of cold resistance (worn)
 v - a +0 cloak
 E - a +0 robe of fire resistance
 G - a +0 buckler
Jewellery
 h - the amulet "Ykluim" (around neck) {Reflect Int+2 SH+5}
   (You acquired it on level 3 of the Dungeon)

   [amulet of reflection]

   It reflects blocked missile attacks.
   Int:       It affects your intelligence (+2).
   SH:        It affects your SH (+5).
 j - an amulet of guardian spirit
 l - a +6 ring of intelligence (left hand)
 n - a ring of flight (right hand)
 s - a ring of fire
Wands
 x - a wand of roots (8)
Scrolls
 i - 3 scrolls of teleportation
 m - a scroll of fear
 y - a scroll of blinking
 C - a scroll of amnesia
Potions
 f - 5 potions of might
 g - 2 potions of brilliance
 k - a potion of curing
 o - a potion of magic
 p - 2 potions of haste
 t - a potion of mutation
 u - 2 potions of heal wounds
 w - a potion of degeneration {unknown}
 z - a potion of resistance {unknown}
 A - a potion of cancellation {unknown}
 B - a potion of invisibility {unknown}
 D - a potion of lignification {unknown}
 F - a potion of attraction {unknown}


   Skills:
 - Level 1.5 Fighting
 + Level 7.8 Short Blades
 - Level 2.0 Throwing
 + Level 7.3 Dodging
 - Level 9.3 Stealth
 + Level 1.5 Shields
 * Level 6.0 Spellcasting


You had 14 spell levels left.
You knew the following spells:

 Your Spells              Type           Power      Damage    Failure   Level
a - Blink                 Tloc           12%        N/A       13%         2
b - Foxfire               Conj/Fire      24%        2x1d5     9%          1
c - Ensorcelled Hibernat  Hex/Ice        12%        N/A       13%         2

Your spell library contained the following spells:

 Spells                   Type           Power      Damage    Failure   Level
 Conjure Flame            Conj/Fire      6%         6-21      26%         3
 Inner Flame              Hex/Fire       6%         N/A       26%         3
 Spider Form              Tmut/Pois      6%         N/A       26%         3
 Anguish                  Hex/Necr       3%         N/A       63%         4
 Flame Wave               Conj/Fire      6%         2d5       63%         4
 Manifold Assault         Tloc           6%         N/A       93%         5
 Storm Form               Tmut/Air       3%         N/A       100%        7


Dungeon Overview and Level Annotations

Branches:
Dungeon (7/15)             Temple (1/1) D:4

Altars:
Ashenzari
Cheibriados
Dithmenos
Elyvilon
Fedhas
Gozag
Hepliaklqana
Kikubaaqudgha
Nemelex Xobeh
Okawaru
Ru
Trog
Vehumet
Wu Jian
Xom
Yredelemnul
The Shining One

Shops:
D:5 *

Annotations:
D:3 1 runed translucent door


Innate Abilities, Weirdness & Mutations

You are very small and have problems with some larger weapons.
You are too small for most types of armour.
You have supernaturally acute eyesight. (SInv)
You cover ground extremely quickly. (Speed+++)


Message History

You start resting.
A wight is nearby!
Aiming: Fastroot
Press: ? - help, Shift-Dir - straight line, f - wight
Aim: a wight, wielding a +2 hand axe of freezing and wearing a +0 robe (wandering, hasn't noticed you)
The roots erupt in riotous growth!
Roots grab the wight.
The grasping roots constrict the wight.
The wight struggles to escape constriction.
The grasping roots constrict the wight.
The roots release their grip on the wight.
The wight misses you.
You hit the wight but do no damage.
The wight is moderately damaged.
You hit the wight but do no damage.
The wight is moderately damaged.
The wight hits you with a +2 hand axe of freezing.
You feel drained. The wight freezes you.
You closely miss the wight.
The wight is moderately damaged.
Okay, then.
You reach down and open the door.
There is an open door here.
You see here a +0 buckler.
G - a +0 buckler
Okay, then.
Casting: Foxfire (safe; 9% risk of failure)
Confirm with . or Enter, or press ? or * to list all spells.
Okay, then.
You start putting on your armour.
You continue putting on your +0 buckler. x3
The wight hits you with a +2 hand axe of freezing!
You feel drained.
* * * LOW HITPOINT WARNING * * *
The wight freezes you.
* * * LOW HITPOINT WARNING * * *
You continue putting on your +0 buckler.
The wight hits you with a +2 hand axe of freezing!
You die...
Your body crumbles into a pile of gold.

#.......................#
#............#<.###.....#
.......#........'.....#
.........#......#....###
#.......+>..........#..
#.......##..........#.#
#.......#####.......#.#
#.......###.....#####.#
#.....@z'......######.#
#.......######.........
#.......# ##########
#########


You could see a wight.

Vanquished Creatures
  Sigmund (D:2)
  An orc warrior (D:7)
  An ice beast (D:7)
  An ogre (D:5)
  A black bear (D:7)
  A sky beast (D:6)
  3 scorpions
  5 wights
  3 hounds
  Crazy Yiuf (D:2)
  4 orc priests
  5 jellies
  2 iguanas (D:5)
  2 orc wizards (D:6)
  6 gnolls
  8 adders
  2 river rats (D:4)
  A white imp (D:6)
  An ufetubus (D:7)
  3 worms
  4 dart slugs
  18 orcs
  12 ball pythons
  2 bats
  7 endoplasms
  4 giant cockroaches
  4 hobgoblins
  15 jackals
  4 quokkas
  3 frilled lizards
  6 goblins
  4 kobolds
  10 rats
145 creatures vanquished.

Vanquished Creatures (others)
  An orc wizard (D:6)
  47 foxfires
48 creatures vanquished.

Grand Total: 193 creatures vanquished

Notes
Turn   | Place    | Note
-------+----------+-------------------------------------------
     0 | D:1      | zeram the Spriggan Brigand began the quest for the Orb.
     0 | D:1      | Reached XP level 1. HP: 10/10 MP: 2/2
    20 | D:1      | Reached skill level 6 in Stealth
   197 | D:1      | Reached XP level 2. HP: 14/14 MP: 3/3
   279 | D:1      | Reached skill level 7 in Stealth
   792 | D:1      | Reached XP level 3. HP: 18/18 MP: 4/4
  1159 | D:2      | Noticed Sigmund
  1166 | D:2      | Killed Sigmund
  1167 | D:2      | Reached skill level 9 in Stealth
  1167 | D:2      | Reached XP level 4. HP: 22/22 MP: 5/5
  1167 | D:2      | Reached XP level 5. HP: 25/25 MP: 6/6
  1789 | D:2      | Found a runed translucent door.
  1790 | D:2      | Noticed Crazy Yiuf
  2119 | D:2      | Killed Crazy Yiuf
  2239 | D:3      | Reached XP level 6. HP: 30/30 MP: 7/7
  2309 | D:3      | Learned a level 2 spell: Blink
  2758 | D:3      | Found a runed translucent door.
  2758 | D:3      | Noticed a human
  2834 | D:3      | Found a basalt altar of Yredelemnul.
  3032 | D:3      | Identified a scroll of acquirement
  3032 | D:3      | Acquired the amulet "Ykluim" {Reflect Int+2 SH+5}
  3096 | D:4      | Reached skill level 1 in Spellcasting
  3152 | D:4      | Found a staircase to the Ecumenical Temple.
  3323 | D:4      | Found a white marble altar of Elyvilon.
  4422 | D:5      | Entered Level 5 of the Dungeon
  4503 | D:5      | Found Siywy's Assorted Antiques.
  4633 | D:5      | Bought a potion of curing for 66 gold pieces
  4804 | D:6      | Reached skill level 5 in Short Blades
  4804 | D:6      | Reached XP level 7. HP: 32/33 MP: 11/11
  5058 | D:6      | Learned a level 1 spell: Foxfire
  5257 | D:6      | Reached skill level 5 in Dodging
  5607 | D:6      | Identified the +1 ring mail "Kyumay" {rPois}
  6232 | D:5      | Found a snail-covered altar of Cheibriados.
  6233 | D:5      | Found an ancient bone altar of Kikubaaqudgha.
  7172 | D:5      | Reached XP level 8. HP: 37/37 MP: 14/14
  7197 | D:5      | Reached skill level 1 in Shields
  7448 | D:5      | Learned a level 2 spell: Ensorcelled Hibernation
  8253 | D:5      | Found an iron altar of Okawaru.
  9344 | Temple   | Entered the Ecumenical Temple
  9538 | Temple   | Became a worshipper of Gozag Ym Sagoz the Greedy
  9802 | D:7      | Reached skill level 5 in Spellcasting
 10520 | D:7      | Slain by a wight

Illustrated notes

Levels and vault maps discovered:
D:1:      pf_arrival_petrified_forest, layout_loops_ring
D:2:      layout_loops_ring, roderic_lattice_a, grunt_decor_one_mirror,
          kennysheep_generic_room_9, uniq_sigmund, uniq_crazy_yiuf_cottage
D:3:      layout_loops_ring, dk_yredelemnul_ordeal
D:4:      layout_basic, elyvilon_altar_3, minmay_temple_entry_slanted,
          portal_sewer_entry_b, minmay_crystal_water, solitary_fountain,
          grunt_decor_arrowhead
D:5:      layout_basic, okawaru_gym_becter, nicolae_overflow_two_pavilions,
          serial_shops, shop, minmay_misc_feat_more_columns, nicolae_titane
D:6:      dreamdust_elfheim, layout_basic, hangedman_abyss_or_decor_stagger,
          minivault_25
D:7:      cheibrodos_barr_body, layout_basic, uniq_prince_ribbit1
Temple:   hellmonk_temple_two_chambers

Skill      XL: |  1  2  3  4  5  6  7  8 |
---------------+-------------------------+-----
Stealth        | 6 7 9 |  9.3
Dodging        | 2 3 4 5 7 |  7.3
Short Blades   | 3 5 6 7 |  7.8
Spellcasting   | 2 3 6 |  6.0
Shields        | 1 |  1.5
Fighting       | |  1.5
Throwing       | |  2.0

Action                   |  1- 3 |  4- 6 |  7- 9 || total
-------------------------+-------+-------+-------++-------
Melee: Dagger            |    89 |   193 |   341 ||   623
       Punch             |     1 |       |     8 ||     9
Throw: Dart              |       |       |     5 ||     5
 Cast: Foxfire           |       |       |    29 ||    29
       Blink             |       |       |     5 ||     5
Evoke: Wand              |       |    10 |     3 ||    13
  Use: Scroll            |       |    13 |     6 ||    19
       Potion            |       |     1 |     2 ||     3
 Stab: Sleeping          |    16 |    20 |    16 ||    52
       Distracted        |       |     2 |     1 ||     3
Armor: Robe              |    16 |    20 |    30 ||    66
Dodge: Dodged            |    59 |   109 |   164 ||   332
Block: Other             |       |    16 |    37 ||    53
       Reflection        |       |       |     1 ||     1
